 Dungeon Crawl Stone Soup version 0.29-a0-184-g2ef5e920f0 (webtiles) character file.

Game seed: 8282788470316466443

2270 Murumi the Blocker (level 9, 0/72 HPs)
             Began as a Formicid Fighter on Feb 21, 2022.
             Was a Believer of Okawaru.
             Killed from afar by a steam dragon (20 damage)
             ... with a ball of steam
             ... on level 6 of the Dungeon.
             The game lasted 00:29:51 (8672 turns).

Murumi the Blocker (Formicid Fighter)               Turns: 8672, Time: 00:29:51

Health: 0/72       AC: 13    Str: 22    XL:     9   Next: 65%
Magic:  10/12      EV: 14    Int: 11    God:    Okawaru [**....]
Gold:   342        SH:  8    Dex: 10    Spells: 8/8 levels left

rFire   . . .      SeeInvis +   a - +0 whip (vamp)
rCold   . . .      Faith    +   c - +1 buckler
rNeg    + . .      Spirit   .   p - +0 chain mail
rPois   .          Reflect  .   (helmet unavailable)
rElec   .          Harm     .   (no cloak)
rCorr   .          Rampage  .   (no gloves)
Will    .....                   t - +0 pair of boots
Stlth   +.........              e - amulet of faith
HPRegen 0.22/turn               b - ring of positive energy
MPRegen 0.13/turn               d - +4 ring of evasion

@: heroic
A: permanent stasis, dig shafts and tunnels, antennae 3, four strong arms
a: Dig, Shaft Self, Renounce Religion, Heroism


You were on level 6 of the Dungeon.
You worshipped Okawaru.
Okawaru was pleased with you.
You visited 2 branches of the dungeon, and saw 7 of its levels.
You also visited: Ossuary.

You collected 420 gold pieces.
You spent 78 gold pieces at shops.

Inventory:

Hand Weapons
 a - a +0 vampiric whip (weapon)
 f - a +0 shortbow
 i - a +0 flail
Armour
 c - a +1 buckler (worn)
 p - a +0 chain mail (worn)
 t - a +0 pair of boots (worn)
Jewellery
 b - a ring of positive energy (left hand)
 d - a +4 ring of evasion (right hand)
 e - an amulet of faith (around neck)
 n - an amulet of reflection
 r - a ring of fire
 u - a +4 ring of evasion
Wands
 s - a wand of paralysis (4)
 v - a wand of mindburst (2)
 z - a wand of flame (2)
Scrolls
 j - a scroll of brand weapon
 o - 2 scrolls of holy word
 y - a scroll of magic mapping
Potions
 g - 3 potions of curing
 h - 6 potions of brilliance
 k - 2 potions of magic
 l - 2 potions of attraction
 m - 3 potions of cancellation
 q - a potion of resistance {unknown}
 w - a potion of lignification {unknown}
 x - a potion of mutation {unknown}
 A - 3 potions of heal wounds


   Skills:
 - Level 7.0(12.0) Fighting
 - Level 5.0(10.0) Maces & Flails
 + Level 6.1(11.1) Armour
 - Level 2.0(7.0) Dodging
 - Level 4.0(9.0) Stealth
 - Level 8.0(13.0) Shields
 - Level 4.0 Invocations
 - Level 3.0 Evocations


You had 8 spell levels left.
You didn't know any spells.
Your spell library contained the following spells:

 Spells                   Type           Power      Damage    Failure   Level
 Pain                     Necr           0%         1d4       93%         1
 Sting                    Tmut/Pois      0%         1d3       93%         1
 Poisonous Vapours        Pois/Air       0%         N/A       98%         2
 Sublimation of Blood     Necr           0%         N/A       98%         2
 Wereblood                Tmut           0%         N/A       98%         2
 Vampiric Draining        Necr           0%         2d6       100%        3
 Olgreb's Toxic Radiance  Pois           0%         N/A       100%        4
 Animate Skeleton         Necr           Unusable   N/A       N/A         1
 Summon Hydra             Summ           Unusable   N/A       N/A         7

Dungeon Overview and Level Annotations

Branches:
Dungeon (6/15)             Temple (1/1) D:4         Ossuary (visited)

Altars:
Ashenzari
Cheibriados
Dithmenos
Elyvilon
Fedhas
Gozag
Hepliaklqana
Kikubaaqudgha
Makhleb
Okawaru
Qazlal
Ru
Trog
Uskayaw
Vehumet
Wu Jian
Xom
Yredelemnul
Zin
The Shining One

Shops:
D:5 *


Innate Abilities, Weirdness & Mutations

You cannot be hasted, slowed, berserked, paralysed or teleported.
You can dig through walls and to a lower floor.
You have a pair of large antennae on your head. (SInv)
Your four strong arms can wield two-handed weapons with a shield.


Message History

The ball of steam misses the ufetubus.
The ball of steam hits you!
You shoot an arrow. The arrow hits the ufetubus.
You kill the ufetubus!
Okawaru accepts your kill.
You are engulfed in a cloud of scalding steam.
You shoot an arrow. The arrow hits the steam dragon.
The steam dragon is moderately wounded.
The steam dragon breathes steam at you. The ball of steam hits you!!
You feel a sense of dread.
a - a +0 vampiric whip (weapon)
You are engulfed in a cloud of scalding steam.
You barely miss the steam dragon.
The steam dragon is moderately wounded.
The steam dragon closely misses you. The steam dragon claws you.
You hit the steam dragon but do no damage.
The steam dragon is moderately wounded.
The steam dragon breathes steam at you. The ball of steam hits you.
You hit the steam dragon.
The steam dragon is moderately wounded.
You are engulfed in a cloud of scalding steam.
The steam dragon misses you. The steam dragon claws you.
* * * LOW HITPOINT WARNING * * *
You hit the steam dragon but do no damage.
The steam dragon is moderately wounded.
You are engulfed in a cloud of scalding steam.
* * * LOW HITPOINT WARNING * * *
The steam dragon bites you but does no damage.
The steam dragon barely misses you.
You closely miss the steam dragon.
The steam dragon is moderately wounded.
The steam dragon bites you but does no damage.
The steam dragon closely misses you.
You hit the steam dragon.
You feel better.
The steam dragon is moderately wounded.
You gain the combat prowess of a mighty hero.
The steam dragon breathes steam at you. The ball of steam hits you!!
You die...

# # ## .## ..## ...# .
..## ###### ..# ###
#....########.....
..###
#..##..ยง..@D...#
#...###.###.#######..#
####...## ### # ##..#
####


You could see a steam dragon (catching breath).

Vanquished Creatures
  2 water moccasins
  2 ice beasts (D:6)
  An orc warrior (D:4)
  An ogre (D:3)
  3 necrophages
  2 centaurs (D:6)
  2 scorpions
  5 water moccasin zombies
  2 water moccasin skeletons
  A howler monkey (D:4)
  A centaur zombie (D:5)
  4 orc priests (D:4)
  3 hounds
  2 iguanas (D:5)
  6 orc wizards
  A hound skeleton (D:5)
  2 mummies (Ossuary)
  3 gnolls (D:2)
  9 adders
  3 white imps
  An ufetubus (D:6)
  2 adder skeletons (D:4)
  6 adder zombies (Ossuary)
  A worm (D:5)
  2 dart slugs
  16 orcs
  5 endoplasms
  2 giant cockroaches (D:1)
  2 gnoll zombies (Ossuary)
  6 goblins
  7 hobgoblins
  6 jackals
  3 quokkas
  2 ball pythons (D:1)
  5 bats
  3 frilled lizards
  6 hobgoblin zombies (Ossuary)
  5 kobolds
  5 kobold zombies (Ossuary)
  5 orc zombies (Ossuary)
  6 rats
151 creatures vanquished.

Vanquished Creatures (others)
  4 plants (D:4)
4 creatures vanquished.

Grand Total: 155 creatures vanquished

Notes
Turn   | Place    | Note
-------+----------+-------------------------------------------
     0 | D:1      | Murumi the Formicid Fighter began the quest for the Orb.
     0 | D:1      | Reached XP level 1. HP: 18/18 MP: 1/1
   104 | D:1      | Reached skill level 4 in Shields
   187 | D:1      | Reached XP level 2. HP: 16/24 MP: 2/2
   951 | D:2      | Reached XP level 3. HP: 29/30 MP: 3/3
  1002 | D:2      | Reached skill level 1 in Stealth
  1155 | D:2      | Found a faded altar of an unknown god.
  1169 | D:2      | Reached XP level 4. HP: 31/37 MP: 4/4
  1263 | D:2      | Reached skill level 1 in Dodging
  1554 | D:2      | Reached XP level 5. HP: 39/42 MP: 5/5
  1989 | D:3      | Reached skill level 5 in Shields
  2392 | D:3      | Reached XP level 6. HP: 47/48 MP: 6/6
  2659 | D:3      | Noticed an ogre
  2682 | D:3      | Killed an ogre
  3456 | D:4      | Noticed a necrophage
  3586 | D:4      | Noticed an orc warrior
  3589 | D:4      | Found a sand-covered staircase.
  3595 | Ossuary  | Entered an ossuary
  3686 | Ossuary  | Reached XP level 7. HP: 53/55 MP: 7/7
  3701 | Ossuary  | Reached skill level 5 in Fighting
  3744 | Ossuary  | Reached skill level 5 in Armour
  4074 | D:4      | Reached skill level 6 in Shields
  4074 | D:4      | Reached skill level 1 in Evocations
  4079 | D:4      | Reached XP level 8. HP: 20/60 MP: 8/8
  4675 | D:4      | Reached skill level 7 in Shields
  5218 | D:4      | Found a staircase to the Ecumenical Temple.
  5226 | Temple   | Entered the Ecumenical Temple
  5590 | Temple   | Became a worshipper of Warmaster Okawaru
  5838 | D:5      | Entered Level 5 of the Dungeon
  6039 | D:5      | Reached skill level 5 in Maces & Flails
  6092 | D:5      | Reached skill level 1 in Invocations
  6218 | D:5      | Reached XP level 9. HP: 48/69 MP: 9/11
  6468 | D:5      | Reached * piety under Okawaru
  6839 | D:5      | Found Ciuck's Assorted Antiques.
  6847 | D:5      | Bought a ruby potion for 25 gold pieces
  6847 | D:5      | Bought a scroll labelled QOIXTODWOPS for 28 gold pieces
  6847 | D:5      | Bought a blue potion for 25 gold pieces
  7834 | D:6      | Reached skill level 8 in Shields
  8062 | D:6      | Reached ** piety under Okawaru
  8672 | D:6      | Killed from afar by a steam dragon

Illustrated notes

Levels and vault maps discovered:
D:1:      eino_arrival_cavern_a, layout_basic, serial_bayou,
          serial_bayou_lake_a, serial_bayou_pond_e, serial_bayou_pond_b,
          serial_bayou_ford_a, minmay_domino_4
D:2:      layout_basic, basic_ecumenical_altar
D:3:      layout_basic, hangedman_decor_peaks_small
D:4:      layout_rooms, minmay_temple_entry_gardened_gates,
          nicolae_ossuary_entry_plus, hex_tiny, minivault_25,
          corexii_item_surrounded_by_moat, kennysheep_generic_room_15
D:5:      layout_gridville, serial_shops, shop_fountains,
          minmay_misc_feat_enclosed
D:6:      layout_layer_cave
Temple:   mainiacjoe_temple_cubbyholes

Skill      XL: |  1  2  3  4  5  6  7  8  9 |
---------------+----------------------------+-----
Shields        | 4 5 6 7 8 |  8.0
Fighting       | 4 5 6 7 |  7.0
Armour         | 4 5 6 |  6.1
Stealth        | 1 2 3 4 |  4.0
Dodging        | 1 2 |  2.0
Maces & Flails | 3 4 5 |  5.0
Evocations     | 2 3 |  3.0
Invocations    | 3 4 |  4.0

Action                   |  1- 3 |  4- 6 |  7- 9 || total
-------------------------+-------+-------+-------++-------
Melee: Flail             |    36 |       |       ||    36
       Whip              |    45 |   240 |   773 ||  1058
 Fire: Shortbow          |       |       |    24 ||    24
Invok: Heroism           |       |       |     1 ||     1
 Abil: Dig               |       |       |     6 ||     6
  Use: Scroll            |     4 |     5 |     7 ||    16
       Potion            |       |       |     1 ||     1
Armor: Scale mail        |    36 |    62 |       ||    98
       Chain mail        |       |     9 |   213 ||   222
Dodge: Dodged            |    30 |    69 |   236 ||   335
Block: Buckler           |    21 |   111 |   240 ||   372
       Reflection        |       |     4 |     1 ||     5

Table legend: (Time is in decaauts)
 A = Elapsed time spent in this place.
 B = Non-inter-level travel time spent in this place.
 C = Inter-level travel time spent in this place.
 D = Time resting spent in this place.
 E = Time spent auto-exploring this place.
 F = Levels seen in this place.
 G = Mean time per level.
                   A        B        C        D        E       F      G
               +--------+--------+--------+--------+--------+-----+--------+
         Total |   8655 |   7968 |    687 |    213 |   5998 |   8 | 1081.9 |
       Dungeon |   7822 |   7233 |    589 |    213 |   5495 |   6 | 1303.7 |
        Temple |    401 |    304 |     97 |      0 |    302 |   1 |  401.0 |
       Ossuary |    430 |    430 |      0 |      0 |    201 |   1 |  430.0 |
               +--------+--------+--------+--------+--------+-----+--------+

Top non-repeatable levels by time:
     D:3: 1660 daAuts
     D:5: 1653 daAuts
     D:4: 1522 daAuts
     D:6: 1055 daAuts
     D:1: 993 daAuts
     D:2: 938 daAuts
 Ossuary: 430 daAuts
  Temple: 401 daAuts
